 Dungeon Crawl Stone Soup version 0.27-a0-1359-ga2a4dfd6fd (webtiles) character file.

Game seed: 3281888513382012539

11 dinky3 the Charlatan (level 2, 0/14 HPs)
             Began as a Spriggan Artificer on June 28, 2021.
             Slain by a hobgoblin (3 damage)
             ... on level 1 of the Dungeon.
             The game lasted 00:01:05 (208 turns).

dinky3 the Charlatan (Spriggan Artificer)            Turns: 208, Time: 00:01:06

Health: 0/14       AC:  2    Str:  8    XL:     2   Next: 13%
Magic:  3/3        EV: 17    Int: 12    God:
Gold:   19         SH:  0    Dex: 15    Spells: 1/1 levels left

rFire    . . .     SeeInvis +   a - +0 club
rCold    . . .     Faith    .   (shield restricted)
rNeg     . . .     Spirit   .   b - +0 robe
rPois    .         Reflect  .   (helmet restricted)
rElec    .         Harm     .   (no cloak)
rCorr    .         Rampage  .   (gloves unavailable)
Will     .....                  (boots unavailable)
Stlth    ++........             (no amulet)
HPRegen  0.04/turn              (no ring)
MPRegen  0.08/turn              (no ring)

@: very quick
A: very small, no large weapons, unfitting armour, see invisible, speed 3
a: no special abilities


You were on level 1 of the Dungeon.
You visited 1 branch of the dungeon, and saw 1 of its levels.

You collected 19 gold pieces.

Inventory:

Hand Weapons
 a - a +0 club (weapon)
Armour
 b - a +0 robe (worn)
Magical Staves
 f - a staff of cold
Wands
 c - a wand of flame (12) (quivered)
 d - a wand of charming (15)
Potions
 g - a potion of heal wounds {unknown}
 h - a potion of haste {unknown}
Miscellaneous
 e - a piece from Xom's chessboard (15/15)


   Skills:
 + Level 1.2 Fighting
 - Level 3.3 Dodging
 + Level 2.5 Stealth
 - Level 4.1 Evocations


You had one spell level left.
You didn't know any spells.
Your spell library was empty.

Dungeon Overview and Level Annotations

Branches:
Dungeon (1/15)

Altars:


Innate Abilities, Weirdness & Mutations

You are very small and have problems with some larger weapons.
You are too small for most types of armour.
You have supernaturally acute eyesight. (SInv)
You cover ground extremely quickly. (Speed+++)


Message History

* * * LOW HITPOINT WARNING * * *
Unknown command.
You barely miss the bat. The bat hits you but does no damage.
You hit the bat.
You kill the bat!
You hit the frilled lizard.
You kill the frilled lizard!
A hobgoblin comes into view.
The hobgoblin moves out of view.
You see here a bat corpse.
There is a stone staircase leading down here.
The hobgoblin shouts!
You hear a shout!
You hear an angry hiss.
You see here a bat corpse.
The hobgoblin hits you but does no damage.
You closely miss the hobgoblin. The hobgoblin misses you.
A ball python comes into view.
You closely miss the hobgoblin. The hobgoblin barely misses you.
The hobgoblin closely misses you.
Aiming: Throw Flame
Press: ? - help, Shift-Dir - straight line, f - goblin
Aim: a goblin, wielding a +0 dagger (64% to hit)
The puff of flame hits the goblin!
You kill the goblin!
The ball python hisses angrily.
You barely miss the hobgoblin. The hobgoblin closely misses you.
The hobgoblin hits you.
* * * LOW HITPOINT WARNING * * *
The ball python closely misses you. The ball python misses you.
Unknown command.
You barely miss the hobgoblin. The ball python completely misses you.
The ball python closely misses you. The hobgoblin closely misses you.
The ball python barely misses you. The ball python closely misses you.
The hobgoblin barely misses you. The hobgoblin completely misses you.
The ball python barely misses you. The ball python grabs you.
* * * LOW HITPOINT WARNING * * *
The ball python constricts you.
You escape the ball python's grasp.
The hobgoblin hits you.
You die...

♣ #....#.#.# ♣
#.#..#.#.# ♣ ..
#.#..#.#.# ....
#.#....#.# ...
#......#.####.#
#.#######.>†.......#
##........†....######
#......)..######
####.....@...#
.......Sg....#
##.........#
#..........#
#.##....#### .
......# .....####
....... #......


You could see a hobgoblin and a ball python.

Vanquished Creatures
  2 ball pythons (D:1)
  3 bats (D:1)
  A giant cockroach (D:1)
  A goblin (D:1)
  3 frilled lizards (D:1)
  A rat (D:1)
11 creatures vanquished.

Notes
Turn   | Place    | Note
-------+----------+-------------------------------------------
     0 | D:1      | dinky3 the Spriggan Artificer began the quest for the Orb.
     0 | D:1      | Reached XP level 1. HP: 9/9 MP: 2/2
   143 | D:1      | Reached skill level 1 in Fighting
   177 | D:1      | Reached XP level 2. HP: 5/14 MP: 3/3
   208 | D:1      | Slain by a hobgoblin

Illustrated notes

Levels and vault maps discovered:
D:1:      giann_forest_graveyard, layout_basic

Skill      XL: |  1 |
---------------+----+-----
Fighting       | 1 |  1.2
Stealth        | 2 |  2.5
Dodging        | |  3.3
Evocations     | |  4.1

Action                   || total
-------------------------++-------
Melee: Club              ||    31
Evoke: Wand              ||     3
 Stab: Sleeping          ||     2
Armor: Robe              ||     8
Dodge: Dodged            ||    54

Table legend: (Time is in decaauts)
 A = Elapsed time spent in this place.
 B = Non-inter-level travel time spent in this place.
 C = Inter-level travel time spent in this place.
 D = Time resting spent in this place.
 E = Time spent auto-exploring this place.
 F = Levels seen in this place.
 G = Mean time per level.
                   A        B        C        D        E       F      G
               +--------+--------+--------+--------+--------+-----+--------+
         Total |    150 |    150 |      0 |      0 |      0 |   1 |  150.0 |
       Dungeon |    150 |    150 |      0 |      0 |      0 |   1 |  150.0 |
               +--------+--------+--------+--------+--------+-----+--------+

Top non-repeatable levels by time:
     D:1: 150 daAuts
